 Dungeon Crawl Stone Soup version 0.26.0-15-gc6cd9f7 (webtiles) character file.

Game seed: 9324962248475292215

82 garbled the Sneak (level 4, -1/21 HPs)
             Began as a Vampire Earth Elementalist on Jan 22, 2021.
             Slain by an adder (5 damage)
             ... in a sewer.
             The game lasted 00:09:03 (2139 turns).

garbled the Sneak (Vampire Earth Elementalist)      Turns: 2139, Time: 00:09:03

Health: -1/21      AC:  2    Str:  5 (7)  XL:     4   Next: 21%
Magic:  8/8        EV: 12    Int: 16 (18) God:
Gold:   85         SH:  0    Dex: 12 (14) Spells: 2/8 levels left

rFire    . . .     SeeInvis +   (no weapon)
rCold    + + .     Faith    .   (no shield)
rNeg     + + +     Spirit   .   c - +0 robe
rPois    ∞         Reflect  .   (no helmet)
rElec    .         Harm     .   (no cloak)
rCorr    .         Rampage  .   (no gloves)
Will     .....                  (no boots)
Stlth    ++++......             (no amulet)
HPRegen  0.00/turn              (no ring)
MPRegen  0.11/turn              (no ring)

@: lethally poisoned (-1 -> -1), bloodless
A: fangs 3, see invisible, [frail 1], unbreathing
a: Bat Form, Revivify


You were in a sewer.
You visited 1 branch of the dungeon, and saw 3 of its levels.
You also visited: Sewer.

You collected 85 gold pieces.

Inventory:

Missiles
 h - 5 poisoned darts
Armour
 c - a +0 robe (worn)
 j - a +0 cloak
 k - a +0 buckler
Scrolls
 a - 2 scrolls of magic mapping {unknown}
 e - a scroll of enchant armour {unknown}
 f - a scroll of remove curse {unknown}
 n - a scroll of teleportation {unknown}
Potions
 d - a potion of curing {unknown}
 g - a potion of heal wounds
 i - a potion of attraction {unknown}
 l - a potion of degeneration {unknown}
 m - a potion of haste {unknown}


   Skills:
 - Level 2.1 Dodging
 + Level 4.2 Stealth
 + Level 2.8 Spellcasting
 * Level 1.0 Conjurations
 - Level 1.1 Transmutations
 + Level 3.7 Earth Magic


You had 2 spell levels left.
You knew the following spells:

 Your Spells              Type           Power        Failure   Level
a - Sandblast             Erth           28%          4%          1
b - Passwall              Tmut/Erth      7%           11%         2
c - Stone Arrow           Conj/Erth      18%          22%         3

Your spell library contained the following spells:

 Spells                   Type           Power        Failure   Level
 Confusing Touch          Hex            2%           50%         3
 Gell's Gravitas          Tloc           1%           50%         3
 Petrify                  Tmut/Erth      9%           56%         4
 Lee's Rapid Deconstruct  Erth           7%           75%         5
 Metabolic Englaciation   Hex/Ice        1%           99%         5
 Yara's Violent Unravell  Hex/Tmut       2%           99%         5


Dungeon Overview and Level Annotations

Branches:
Dungeon (3/15)              Sewer (1/1)

Altars:
Makhleb

Annotations:
D:2 Terence


Innate Abilities, Weirdness & Mutations

You do not regenerate when monsters are visible.
You are frail without blood (-20% HP).
You can heal yourself when you bite living creatures.
You are immune to poison.
You have razor-sharp teeth.
You have supernaturally acute eyesight. (SInv)
You can survive without breathing.
[You are frail. (-10% HP)]


Message History

The adder bites you but does no damage. The adder bites you.
You hit the adder but do no damage.
The adder is moderately wounded.
The adder misses you.
You miss the adder.
The adder is moderately wounded.
The adder bites you.
* * * LOW HITPOINT WARNING * * *
You hit the adder.
The adder is heavily wounded.
The adder bites you.
* * * LOW HITPOINT WARNING * * *
The adder misses you.
You hit the adder.
The adder is heavily wounded.
The adder closely misses you.
You hit the adder.
The adder is severely wounded.
The adder bites you.
You die...

#≈≈≈≈≈≈# #≈≈†≈≈≈#
#≈≈≈≈≈≈# #≈≈≈≈≈≈#
#≈≈≈≈≈≈# #≈≈≈≈≈≈#
#≈≈≈≈≈≈# #≈≈≈≈≈≈#
#≈≈≈≈≈≈# #≈≈≈≈≈≈#
##≈.≈≈.# #.≈†...#
#......## ##......#
#......##
##......##
#.......###.S@....#
##...............##
####.........####
####...#### #####


You could see an adder.

Vanquished Creatures
  2 adders (D:2)
  A worm (D:2)
  3 dart slugs
  4 leopard geckos
  6 bats
  6 giant cockroaches
  3 goblins
  4 hobgoblins
  3 kobolds (D:2)
  A quokka (D:2)
  4 ball pythons
  A frilled lizard (D:2)
  15 rats
53 creatures vanquished.

Notes
Turn   | Place    | Note
-------+----------+-------------------------------------------
     0 | D:1      | garbled the Vampire Earth Elementalist began the quest for
                  | the Orb.
     0 | D:1      | Reached XP level 1. HP: 13/13 MP: 3/3
   145 | D:1      | Reached XP level 2. HP: 19/19 MP: 3/5
   824 | D:1      | Reached XP level 3. HP: 18/19 MP: 2/6
   827 | D:1      | Learned a level 2 spell: Passwall
   831 | D:1      | Learned a level 3 spell: Stone Arrow
   987 | D:1      | Found a burning altar of Makhleb.
  1544 | D:2      | Reached skill level 4 in Stealth
  1603 | D:2      | Reached XP level 4. HP: 24/24 MP: 5/8
  1611 | D:2      | Noticed Terence
  1772 | D:3      | Found a glowing drain.
  1816 | D:3      | Reached skill level 1 in Conjurations
  1911 | Sewer    | Entered a sewer
  2139 | Sewer    | Slain by an adder

Illustrated notes

Levels and vault maps discovered:
D:1:      dpeg_arrival_water_altar, layout_basic, minmay_misc_feat_square,
          minmay_close_crescents
D:2:      layout_loops_cross, uniq_terence
D:3:      layout_basic, portal_sewer_entry_b
Sewer:    sewer_minmay_w

Skill      XL: |  1  2  3  4 |
---------------+-------------+-----
Stealth        | 4 |  4.2
Conjurations   | 1 |  1.0
Dodging        | |  2.1
Spellcasting   | |  2.8
Transmutations | |  1.1
Earth Magic    | |  3.7

Action                   |  1- 3 |  4- 6 || total
-------------------------+-------+-------++-------
Melee: Unarmed           |     2 |    46 ||    48
       Bite              |       |     6 ||     6
 Cast: Sandblast         |    49 |    26 ||    75
 Abil: Exsanguinate      |     1 |     1 ||     2
       End Transformatio |       |     1 ||     1
       Bat Form          |       |     1 ||     1
       Revivify          |       |     1 ||     1
  Use: Potion            |       |     1 ||     1
Armor: Robe              |     2 |    12 ||    14
Dodge: Dodged            |     5 |    44 ||    49
